 Dungeon Crawl Stone Soup version 0.19.4-8-ga85b6b9 (webtiles) character file.

2165 Chiseanne the Thaumaturge (level 9, 57/57 HPs)
             Began as a Demonspawn Wizard on Feb 11, 2017.
             Quit the game on level 6 of the Dungeon.
             The game lasted 00:18:08 (6348 turns).

Chiseanne the Thaumaturge (Demonspawn Wizard)       Turns: 6348, Time: 00:18:09

Health: 57/57      AC: 14    Str:  9    XL:     9   Next: 10%
Magic:  21/21      EV: 12    Int: 22    God:
Gold:   234        SH:  0    Dex: 11    Spells: 5 memorised, 14 levels left

rFire  . . .     SeeInvis .     a - staff of wizardry
rCold  . . .     Gourm    .     k - +0 robe
rNeg   . . .     Faith    .     (no shield)
rPois  .         Spirit   .     B - +2 helmet
rElec  .         Reflect  .     (no cloak)
rCorr  .         Harm     .     (no gloves)
MR     .....                    (no boots)
Stlth  +++.......               e - amulet of magic regeneration
                                i - +3 ring of protection
                                c - +4 ring of protection

@: no status effects
A: claws 1, yellow scales 1, nightstalker 1, spiny 1
a: no special abilities


You were on level 6 of the Dungeon.
You were not hungry.

You visited 1 branch of the dungeon, and saw 6 of its levels.
You also visited: Ossuary.

You collected 234 gold pieces.

Inventory:

Hand Weapons
 d - a +5 scythe
 s - a +2 dire flail of protection
Missiles
 f - 3 tomahawks (quivered)
 m - 8 tomahawks of dispersal
 r - 224 stones
 u - 10 poisoned needles
 y - 46 sling bullets
 E - 55 arrows
Armour
 k - a +0 robe (worn)
 B - a +2 helmet (worn)
Magical Staves
 a - an uncursed staff of wizardry (weapon)
Jewellery
 c - a +4 ring of protection (left claw)
 e - an amulet of magic regeneration (around neck)
 h - an uncursed ring of wizardry
 i - a +3 ring of protection (right claw)
 l - an uncursed ring of positive energy
 z - an uncursed ring of protection from cold
Wands
 t - a wand of disintegration (9/24)
 C - a wand of hasting (4/9)
Scrolls
 j - 2 scrolls of remove curse
 n - a scroll of identify
 q - a scroll of blinking
 A - 3 scrolls of teleportation
 D - a scroll of amnesia
Potions
 b - 2 potions of invisibility
 o - a potion of lignification
 p - 5 potions of curing
 v - 2 potions of berserk rage
 w - a potion of flight
 x - 4 potions of brilliance
 F - 2 potions of resistance
 H - 2 potions of agility
 I - 2 potions of magic
Comestibles
 g - 5 meat rations
 G - a royal jelly
 J - 5 chunks of flesh
 K - 6 bread rations


   Skills:
 - Level 1.7 Dodging
 - Level 1.7 Stealth
 * Level 8.5 Spellcasting
 + Level 8.4 Conjurations
   Level 1.0 Summonings
 - Level 0.8 Translocations


You had 14 spell levels left.
You knew the following spells:

 Your Spells              Type           Power        Failure   Level  Hunger
a - Magic Dart            Conj           ####         1%          1    None
b - Blink                 Tloc           N/A          4%          2    None
c - Conjure Flame         Conj/Fire      ####....     1%          3    None
d - Mephitic Cloud        Conj/Pois/Air  ###.....     4%          3    None
e - Repel Missiles        Chrm/Air       #.....       4%          2    None


Dungeon Overview and Level Annotations

Branches:
Dungeon (6/15)
 Temple: D:4-7

Altars:
Ashenzari
Fedhas

Shops:
D:4 [   D:5 (


Innate Abilities, Weirdness & Mutations

You have sharp fingernails.
You are partially covered in yellow scales. (AC +2)
You are slightly more attuned to the shadows.
You are partially covered in sharp spines.


Message History

The water moccasin is almost dead.
The water moccasin bites you.
Casting: Magic Dart
Confirm with . or Enter, or press ? or * to list all spells.
Aiming: Magic Dart
Press: ? - help, Shift-Dir - straight line, f/p - water moccasin
Aim: a water moccasin (almost dead)
The magic dart hits the water moccasin.
The water moccasin is almost dead.
The water moccasin bites you but does no damage.
Casting: Magic Dart
Confirm with . or Enter, or press ? or * to list all spells.
Aiming: Magic Dart
Press: ? - help, Shift-Dir - straight line, f/p - water moccasin
Aim: a water moccasin (almost dead)
The magic dart hits the water moccasin.
You kill the water moccasin!
There is an open door here.
You see here a water moccasin corpse.
Are you sure you want to abandon this character and quit the game? (Confirm with "yes".)

. ..# .# ##+# ..# .#
##...## #.# #.#
##.....###.# # ..#
##.......##.###.##
..####.........#.......
.....+.†.......†@......
..####.........####...#
.######.....>.## ##
.......#.....##
.#####.##...## .#
#.###'## .. #.# #.# .#
#.# #.# .# #.# #.#


There were no monsters in sight!

Vanquished Creatures
  Sigmund (D:2)
  Edmund (D:5)
  A water moccasin (D:6)
  4 phantoms
  A sky beast (D:5)
  An ogre (D:4)
  3 centaurs
  An elf zombie (Ossuary)
  A bullfrog (D:4)
  3 centaur zombies
  A crimson imp (D:5)
  A bullfrog skeleton (D:6)
  2 human zombies (Ossuary)
  An orc wizard (D:5)
  2 orc priests
  A hound (D:6)
  Ijyb (D:3)
  Terence (D:3)
  Natasha (thrice) (D:3)
  3 worker ants
  A big kobold zombie (Ossuary)
  A hound skeleton (D:4)
  2 mummies (Ossuary)
  12 gnolls
  3 adders
  A shadow imp (D:5)
  2 adder skeletons (D:5)
  2 worms
  2 dart slugs (D:3)
  4 leopard geckos
  8 orcs
  4 giant cockroaches
  9 goblins
  8 hobgoblins
  7 jackals
  7 kobolds
  2 quokkas
  5 ball pythons
  5 bats
  6 frilled lizards
  8 hobgoblin zombies (Ossuary)
  2 jackal zombies (Ossuary)
  12 kobold zombies (Ossuary)
  6 orc zombies (Ossuary)
  A quokka skeleton (D:4)
  A quokka zombie (D:4)
  7 rats
  3 rat zombies (Ossuary)
164 creatures vanquished.

Vanquished Creatures (others)
  A ghoul (D:1)
  A draconian (D:1)
  2 vine stalkers (D:1)
  2 elves (D:1)
  A vampire (D:1)
  2 formicids (D:1)
  A spriggan (D:1)
  A naga (D:1)
  An ogre (D:1)
  2 centaurs (D:1)
  An orc (D:1)
  8 tentacles (D:1)
23 creatures vanquished.

Grand Total: 187 creatures vanquished

Notes
Turn   | Place    | Note
-------+----------+-------------------------------------------
     0 | D:1      | Chiseanne the Demonspawn Wizard began the quest for the Orb.
     0 | D:1      | Reached XP level 1. HP: 13/13 MP: 4/4
     2 | D:1      | Noticed a naga
     2 | D:1      | Noticed a centaur
     2 | D:1      | Noticed an elf
     2 | D:1      | Noticed a centaur
     2 | D:1      | Noticed a vine stalker
     2 | D:1      | Noticed a vine stalker
     2 | D:1      | Noticed a formicid
     2 | D:1      | Noticed a kraken
     2 | D:1      | Noticed a formicid
     2 | D:1      | Noticed an elf
     2 | D:1      | Noticed a draconian
     2 | D:1      | Noticed a vampire
     2 | D:1      | Noticed a ghoul
     2 | D:1      | Noticed an ogre
     2 | D:1      | Noticed a spriggan
     4 | D:1      | Killed a vampire
     5 | D:1      | Killed a formicid
     8 | D:1      | Killed a centaur
     8 | D:1      | Killed a vine stalker
     9 | D:1      | Killed a ghoul
     9 | D:1      | Killed an elf
     9 | D:1      | Killed a draconian
    10 | D:1      | Killed an elf
    10 | D:1      | Killed a naga
    11 | D:1      | Killed a centaur
    13 | D:1      | Killed a spriggan
    14 | D:1      | Killed a formicid
    16 | D:1      | Killed an ogre
    16 | D:1      | Killed a vine stalker
   403 | D:1      | Gained mutation: You are partially covered in sharp spines. [demonic ancestry]
   403 | D:1      | Reached XP level 2. HP: 19/19 MP: 4/6
   509 | D:1      | Found a shattered altar of Ashenzari.
  1081 | D:2      | Reached XP level 3. HP: 24/24 MP: 2/7
  1146 | D:2      | Noticed Sigmund
  1170 | D:2      | Killed Sigmund
  1170 | D:2      | Reached skill level 5 in Conjurations
  1170 | D:2      | Reached XP level 4. HP: 30/30 MP: 2/8
  1170 | D:2      | Reached XP level 5. HP: 35/35 MP: 2/9
  2043 | D:3      | Noticed Natasha
  2047 | D:3      | Killed Natasha
  2047 | D:3      | Gained mutation: You are partially covered in yellow scales. (AC +2) [demonic ancestry]
  2047 | D:3      | Reached XP level 6. HP: 34/41 MP: 6/11
  2103 | D:3      | Learned a level 2 spell: Blink
  2107 | D:3      | Learned a level 3 spell: Conjure Flame
  2111 | D:3      | Learned a level 3 spell: Mephitic Cloud
  2114 | D:3      | Learned a level 2 spell: Repel Missiles
  2132 | D:3      | Noticed Natasha
  2143 | D:3      | Killed Natasha
  2187 | D:3      | Noticed Natasha
  2195 | D:3      | Killed Natasha
  2254 | D:3      | Noticed Terence
  2262 | D:3      | Killed Terence
  2391 | D:3      | Noticed Ijyb
  2402 | D:3      | Killed Ijyb
  3335 | D:4      | Reached XP level 7. HP: 46/46 MP: 10/14
  3363 | D:4      | Reached skill level 5 in Spellcasting
  3640 | D:4      | Found Zusky's Antique Armour Shop.
  3907 | D:4      | Found a blossoming altar of Fedhas.
  4205 | D:5      | Entered Level 5 of the Dungeon
  4210 | D:5      | Gained mutation: You have sharp fingernails. [demonic ancestry]
  4210 | D:5      | Reached XP level 8. HP: 51/52 MP: 13/17
  4227 | D:5      | HP: 2/52 [orc/hand axe (4)]
  4359 | D:5      | Found Ycaeture's Weapon Boutique.
  4741 | D:5      | Found a sand-covered staircase.
  4765 | Ossuary  | Entered an ossuary
  5417 | D:5      | Noticed Edmund
  5431 | D:5      | Killed Edmund
  6136 | D:6      | Gained mutation: You are slightly more attuned to the shadows. [demonic ancestry]
  6136 | D:6      | Reached XP level 9. HP: 57/57 MP: 18/21
  6348 | D:6      | Quit the game

Skill      XL: |  1  2  3  4  5  6  7  8 |
---------------+-------------------------+-----
Conjurations   | 2 3 5 6 7 8 |  8.4
Spellcasting   | 4 6 8 |  8.5
Dodging        | |  1.7
Stealth        | |  1.7
Summonings     | |  1.0
Translocations | |  0.8

Action                   |  1- 3 |  4- 6 |  7- 9 || total
-------------------------+-------+-------+-------++-------
Melee: Spear             |    35 |       |       ||    35
       Scythe            |       |    35 |    77 ||   112
       Staff             |       |       |     1 ||     1
 Cast: Magic Dart        |    56 |   102 |   227 ||   385
       Conjure Flame     |       |     2 |     2 ||     4
       Mephitic Cloud    |       |     1 |     2 ||     3
       Repel Missiles    |       |     1 |       ||     1
       Blink             |       |       |     1 ||     1
Evoke: Wand              |       |       |     1 ||     1
  Use: Scroll            |     4 |    10 |     7 ||    21
       Potion            |     5 |       |     1 ||     6
 Stab: Sleeping          |       |     3 |       ||     3
  Eat: Chunk             |       |     6 |     7 ||    13
       Pizza             |       |     1 |       ||     1
       Fruit             |       |       |     1 ||     1
       Beef jerky        |       |       |     1 ||     1
Armor: Robe              |    11 |    13 |    74 ||    98
       Skin              |     4 |       |       ||     4
Dodge: Dodged            |    29 |    24 |   101 ||   154
       Deflected         |       |     1 |       ||     1
